 Dungeon Crawl Stone Soup version 0.32-a0-630-g46d191b0ed (webtiles) character file.

Game seed: 303015190388393093

239 zenocrate the Digger (level 5, -4/42 HPs)
             Began as a Demigod Earth Elementalist on Mar 6, 2024.
             Killed from afar by Natasha (9 damage)
             ... with a magic dart
             ... on level 2 of the Dungeon.
             The game lasted 00:02:10 (1363 turns).

zenocrate the Digger (Demigod Earth Elementalist)   Turns: 1363, Time: 00:02:11

Health: -4/42      AC:  2    Str:  9    XL:     5   Next: 49%
Magic:  1/12       EV: 12    Int: 21    God:
Gold:   67         SH:  0    Dex: 14    Spells: 5/9 levels left

rFire   . . .        a - +4 dagger
rCold   . . .        (no shield)
rNeg    . . .        c - +0 robe
rPois   .            (no helmet)
rElec   .            (no cloak)
rCorr   .            (no gloves)
SInv    .            (no boots)
Will    .....        (no amulet)
Stlth   ++           (no ring)
HPRegen 0.27/turn    (no ring)
MPRegen 0.13/turn

%: no passive effects
@: lethally poisoned (-4 -> -6)
A: high MP 1, forlorn, divine attributes
a: no special abilities


You were on level 2 of the Dungeon.
You visited 1 branch of the dungeon, and saw 2 of its levels.

You collected 67 gold pieces.

Inventory:

Hand Weapons
 a - a +4 dagger (weapon)
Armour
 c - a +0 robe (worn)
Scrolls
 e - a scroll of teleportation {unknown}
 g - a scroll of identify {unknown}
 h - a scroll of vulnerability {unknown}
Potions
 b - a potion of magic
 d - a potion of degeneration {unknown}
 f - a potion of heal wounds {unknown}


   Skills:
 * Level 2.6 Fighting
 + Level 2.6 Dodging
 - Level 1.7 Stealth
 + Level 2.7 Spellcasting
 + Level 2.2 Conjurations
 + Level 3.5 Earth Magic


You had 5 spell levels left.
You knew the following spells:

 Your Spells              Type           Power      Damage    Failure   Level
a - Sandblast             Erth           34%        2d9       3%          1
b - Stone Arrow           Conj/Erth      30%        3d8       12%         3

Your spell library contained the following spells:

 Spells                   Type           Power      Damage    Failure   Level
 Passwall                 Erth           17%        N/A       10%         3
 Summon Small Mammal      Summ           8%         N/A       14%         1
 Call Canine Familiar     Summ           2%         N/A       38%         3
 Brom's Barrelling Bould  Conj/Erth      15%        2d4       38%         4
 Petrify                  Alch/Erth      10%        N/A       54%         4
 Summon Blazeheart Golem  Fire/Summ      2%         N/A       80%         4


Dungeon Overview and Level Annotations

Branches:
Dungeon (2/15)

Annotations:
D:2 Natasha


Innate Abilities, Weirdness & Mutations

You have an increased reservoir of magic. (+10% MP)
You shall have no god before yourself.
Your divine heritage dramatically boosts your attributes as you level up.


Message History

You feel very sick.
Your Fighting skill increases to level 2!
Your Conjurations skill increases to level 2!
You have reached level 5!
Casting: Sandblast (safe; 3% risk of failure)
Confirm with . or Enter, or press ? or * to list all spells.
Aiming: Sandblast (safe; 3% risk of failure)
Press: ? - help, Shift-Dir - straight line, f - Natasha
Aim: Natasha (wandering, hasn't noticed you, 77% to hit)
The blast of sand misses Natasha.
Natasha hisses angrily.
You feel sick.
Natasha wildly gestures.
Natasha shimmers violently.
Natasha casts a spell at you. The magic dart hits you!
* * * LOW HITPOINT WARNING * * *
Casting: Sandblast (safe; 3% risk of failure)
Confirm with . or Enter, or press ? or * to list all spells.
Aiming: Sandblast (safe; 3% risk of failure)
Press: ? - help, Shift-Dir - straight line, f/p - Natasha
Aim: Natasha (77% to hit)
Okay, then.
Casting: Sandblast (safe; 3% risk of failure)
Confirm with . or Enter, or press ? or * to list all spells.
Aiming: Stone Arrow (dangerous; 12% risk of failure)
Press: ? - help, Shift-Dir - straight line, f/p - Natasha
Aim: Natasha (60% to hit)
You feel sick.
Unknown command.
Casting: Stone Arrow (dangerous; 12% risk of failure)
Confirm with . or Enter, or press ? or * to list all spells.
Aiming: Stone Arrow (dangerous; 12% risk of failure)
Press: ? - help, Shift-Dir - straight line, f/p - Natasha
Aim: Natasha (60% to hit)
The stone arrow misses Natasha.
You feel sick. Natasha casts a spell at you. The magic dart hits you!
You die...
Natasha begins licking her fur clean.

#...#
#÷#####
#...# #.#
#...# #÷#
#...#
#.#####
###.#
#......
###.######
#.##.##
#........#
#.##...
#.#.####.#
#.#####
#@..#
#.#####
#..h)..##
#......
#.#####.#
#######
#[# #.# .#
.. ..


You could see Natasha.

Vanquished Creatures
  Sigmund (D:2)
  Natasha (twice) (D:2)
  An adder (D:2)
  A dart slug (D:2)
  A ribbon worm (D:1)
  A giant cockroach (D:1)
  2 hobgoblins
  6 jackals (D:1)
  A kobold (D:1)
  A quokka (D:1)
  A ball python (D:2)
  A bat (D:1)
  A frilled lizard (D:1)
  2 goblins (D:1)
22 creatures vanquished.

Notes
Turn   | Place    | Note
-------+----------+-------------------------------------------
     0 | D:1      | zenocrate the Demigod Earth Elementalist began the quest
                  | for the Orb.
     0 | D:1      | Reached XP level 1. HP: 14/14 MP: 5/5
     8 | D:1      | Reached skill level 1 in Conjurations
   480 | D:1      | Reached XP level 2. HP: 20/20 MP: 5/7
   808 | D:1      | Reached skill level 3 in Earth Magic
  1091 | D:2      | Noticed Natasha
  1097 | D:2      | Killed Natasha
  1098 | D:2      | Reached skill level 1 in Fighting
  1098 | D:2      | Reached XP level 3. HP: 20/28 MP: 3/8
  1173 | D:2      | Learned a level 3 spell: Stone Arrow
  1233 | D:2      | Noticed Natasha
  1238 | D:2      | Killed Natasha
  1239 | D:2      | Reached XP level 4. HP: 24/35 MP: 6/10
  1351 | D:2      | Noticed Sigmund
  1355 | D:2      | Noticed Natasha
  1360 | D:2      | Killed Sigmund
  1361 | D:2      | Reached XP level 5. HP: 15/42 MP: 7/12
  1363 | D:2      | Killed from afar by Natasha

Illustrated notes

Levels and vault maps discovered:
D:1:      dpeg_arrival_brainrot, layout_loops_ring, serial_glass,
          glass_columns_a, glass_columns_a, glass_columns_a, glass_columns_a,
          glass_columns_a, glass_columns_a, glass_columns_a, glass_columns_a,
          minivault_25, minmay_3d_cube
D:2:      layout_loops_cross, uniq_crazy_yiuf_cottage, uniq_natasha,
          uniq_sigmund

Skill      XL: |  1  2  3  4 |
---------------+-------------+-----
Conjurations   | 1 2 |  2.2
Spellcasting   | 2 |  2.7
Earth Magic    | 3 |  3.5
Fighting       | 1 2 |  2.6
Dodging        | 2 |  2.6
Stealth        | |  1.7

Action                     |  1- 3 |  4- 6 || total
---------------------------+-------+-------++-------
  Melee: Dagger            |    13 |     1 ||    14
   Cast: Sandblast         |    40 |     5 ||    45
         Stone Arrow       |       |     2 ||     2
   Stab: Sleeping          |       |     1 ||     1
 Armour: Robe              |    23 |     3 ||    26
  Dodge: Dodged            |    30 |     2 ||    32

Table legend: (Time is in decaauts)
 A = Elapsed time spent in this place.
 B = Non-inter-level travel time spent in this place.
 C = Inter-level travel time spent in this place.
 D = Time resting spent in this place.
 E = Time spent auto-exploring this place.
 F = Levels seen in this place.
 G = Mean time per level.
                   A        B        C        D        E       F      G
               +--------+--------+--------+--------+--------+-----+--------+
         Total |   1389 |   1343 |     46 |      0 |   1169 |   2 |  694.5 |
       Dungeon |   1389 |   1343 |     46 |      0 |   1169 |   2 |  694.5 |
               +--------+--------+--------+--------+--------+-----+--------+

Top non-repeatable levels by time:
     D:1: 1079 daAuts
     D:2: 310 daAuts
